 Dungeon Crawl Stone Soup version 0.30.1-11-g7821555f0a (webtiles) character file.

Game seed: 4168909341955210913

47 ChrisAssaf the Caller (level 3, -1/26 HPs)
             Began as a Gnoll Summoner on Jan 6, 2024.
             Killed by divine providence
             ... invoked by an orc priest
              (12 damage)
             ... on level 3 of the Dungeon.
             The game lasted 00:02:36 (411 turns).

ChrisAssaf the Caller (Gnoll Summoner)               Turns: 411, Time: 00:02:36

Health: -1/26      AC:  2    Str:  7    XL:     3   Next: 70%
Magic:  1/9        EV: 13    Int: 16    God:
Gold:   54         SH:  0    Dex: 12    Spells: 3/12 levels left

rFire   . . .        c - +0 dagger
rCold   . . .        (no shield)
rNeg    . . .        a - +0 robe
rPois   .            (no helmet)
rElec   .            (no cloak)
rCorr   .            (no gloves)
SInv    .            (no boots)
Will    .....        (no amulet)
Stlth   ++           (no ring)
HPRegen 0.24/turn    (no ring)
MPRegen 0.11/turn

%: no passive effects
@: freezing walls, very slightly contaminated
A: fangs 1, strong nose, distributed training
a: no special abilities


You were on level 3 of the Dungeon.
You visited 1 branch of the dungeon, and saw 3 of its levels.

You collected 54 gold pieces.

Inventory:

Hand Weapons
 c - a +0 dagger (weapon)
Armour
 a - a +0 robe (worn)
Potions
 b - a potion of magic


   Skills:
 + Level 1.0 Fighting
 + Level 1.0 Short Blades
 + Level 1.0 Long Blades
 + Level 1.0 Axes
 + Level 1.0 Maces & Flails
 + Level 1.0 Polearms
 + Level 1.0 Staves
 + Level 1.0 Ranged Weapons
 + Level 1.0 Throwing
 + Level 1.0 Armour
 + Level 4.6 Dodging
 + Level 4.2 Stealth
 + Level 1.0 Shields
 + Level 1.0 Unarmed Combat
 + Level 5.0 Spellcasting
 + Level 0.7 Conjurations
 + Level 0.7 Hexes
 + Level 7.1 Summonings
 + Level 0.7 Necromancy
 + Level 0.7 Translocations
 + Level 0.7 Transmutations
 + Level 0.7 Fire Magic
 + Level 0.7 Ice Magic
 + Level 0.7 Air Magic
 + Level 0.7 Earth Magic
 + Level 0.7 Poison Magic
 + Level 1.0 Invocations
 + Level 1.0 Evocations


You had 3 spell levels left.
You knew the following spells:

 Your Spells              Type           Power      Damage    Failure   Level
a - Summon Small Mammal   Summ           100%       N/A       1%          1
b - Call Imp              Summ           52%        N/A       1%          2
c - Frozen Ramparts       Ice            12%        1d2       34%         3
d - Summon Guardian Gole  Hex/Summ       16%        N/A       9%          3

Your spell library contained the following spells:

 Spells                   Type           Power      Damage    Failure   Level
 Call Canine Familiar     Summ           26%        N/A       2%          3
 Freeze                   Ice            24%        1d4       12%         1
 Hailstorm                Conj/Ice       6%         3d4       34%         3
 Summon Lightning Spire   Summ/Air       16%        N/A       30%         4


Dungeon Overview and Level Annotations

Branches:
Dungeon (3/15)

Altars:
Elyvilon


Innate Abilities, Weirdness & Mutations

You have very sharp teeth.
Your uncanny sense of smell can sniff out nearby items.
Your experience applies equally to all skills.


Message History

The orc priest hits you with a +0 dagger.
The endoplasm hits you. The adder bites your cerulean imp.
Casting: Frozen Ramparts (extremely dangerous; 34% risk of failure)
Confirm with . or Enter, or press ? or * to list all spells.
The spell is extremely dangerous to miscast (34% risk of failure)!
Continue anyway?
Casting: Frozen Ramparts (extremely dangerous; 34% risk of failure)
Press: ? - help, Dir - look around, f - activate The walls around you are covered in ice.
Your cerulean imp closely misses the adder.
The wall freezes the kobold but does no damage.
The kobold completely misses you.
The wall freezes the orc priest but does no damage.
The orc priest hits you but does no damage.
The wall freezes the endoplasm but does no damage.
The endoplasm misses you. The adder misses your cerulean imp.
You barely miss the orc priest.
The orc priest is lightly wounded.
Your cerulean imp disappears in a puff of smoke!
The wall freezes the kobold.
The kobold hits you with a +0 club.
The wall freezes the endoplasm.
The endoplasm barely misses you.
The wall freezes the orc priest but does no damage.
The orc priest closely misses you.
You hit the orc priest.
The orc priest is lightly wounded.
The adder barely misses you.
The wall freezes the kobold.
The kobold hits you but does no damage.
The wall freezes the orc priest but does no damage.
The orc priest hits you with a +0 dagger.
The wall freezes the endoplasm.
The endoplasm freezes you.
You are frozen.
Casting: Frozen Ramparts (extremely dangerous; 34% risk of failure)
Confirm with . or Enter, or press ? or * to list all spells.
A tiny devil pulls itself out of the air.
The adder closely misses you.
The wall freezes the kobold.
You kill the kobold!
The wall freezes the orc priest.
The orc priest calls down the wrath of Beogh upon you.
Beogh smites you!
You die...

.###.........# ..#
............###.h.
####.####..##~h...
#. #..##~..♣. #
#).#......
##.####.....♣._
.........#r.....
....?.)).5#~..♣.
##.####@S.#~~.?. #
#oJ.# #...
##.....$..
#........ ....#...
#..##... #.# .. .#


You could see an orc priest, an adder (ally target), an endoplasm, a jackal
(asleep), a neutral quokka (wandering) and a friendly cerulean imp (summoned).

Vanquished Creatures
  An orc (D:3)
  A ball python (D:1)
  2 endoplasms (D:2)
  A kobold (D:3)
  A rat (D:1)
6 creatures vanquished.

Vanquished Creatures (collateral kills)
  3 gnolls (D:2)
  A dart slug (D:1)
  An orc (D:3)
  An endoplasm (D:1)
  A giant cockroach (D:2)
  A goblin (D:1)
  A ball python (D:1)
  A frilled lizard (D:2)
10 creatures vanquished.

Grand Total: 16 creatures vanquished

Notes
Turn   | Place    | Note
-------+----------+-------------------------------------------
     0 | D:1      | ChrisAssaf the Gnoll Summoner began the quest for the Orb.
     0 | D:1      | Reached XP level 1. HP: 13/13 MP: 6/6
   129 | D:1      | Reached XP level 2. HP: 11/20 MP: 5/7
   132 | D:1      | Learned a level 2 spell: Call Imp
   319 | D:2      | Reached skill level 5 in Spellcasting
   319 | D:2      | Reached XP level 3. HP: 25/25 MP: 6/9
   325 | D:2      | Reached skill level 1 in Invocations
   358 | D:2      | Learned a level 3 spell: Frozen Ramparts
   362 | D:2      | Learned a level 3 spell: Summon Guardian Golem
   396 | D:3      | Reached skill level 1 in Fighting
   396 | D:3      | Reached skill level 1 in Short Blades
   396 | D:3      | Reached skill level 1 in Long Blades
   396 | D:3      | Reached skill level 1 in Axes
   396 | D:3      | Reached skill level 1 in Maces & Flails
   396 | D:3      | Reached skill level 1 in Polearms
   396 | D:3      | Reached skill level 1 in Staves
   396 | D:3      | Reached skill level 1 in Ranged Weapons
   396 | D:3      | Reached skill level 1 in Throwing
   396 | D:3      | Reached skill level 1 in Armour
   396 | D:3      | Reached skill level 1 in Shields
   396 | D:3      | Reached skill level 1 in Unarmed Combat
   396 | D:3      | Reached skill level 1 in Evocations
   402 | D:3      | Found a white marble altar of Elyvilon.
   411 | D:3      | Killed from afar by an orc priest

Illustrated notes

Levels and vault maps discovered:
D:1:      grunt_arrival_crossed_arrows, layout_basic, nicolae_eternal_life
D:2:      minmay_roachtagon, layout_basic
D:3:      layout_loops_ring, elyvilon_altar_4

Skill      XL: |  1  2  3 |
---------------+----------+-----
Spellcasting   | 5 |  5.0
Invocations    | 1 |  1.0
Fighting       | 1 |  1.0
Short Blades   | 1 |  1.0
Long Blades    | 1 |  1.0
Axes           | 1 |  1.0
Maces & Flails | 1 |  1.0
Polearms       | 1 |  1.0
Staves         | 1 |  1.0
Ranged Weapons | 1 |  1.0
Throwing       | 1 |  1.0
Armour         | 1 |  1.0
Shields        | 1 |  1.0
Unarmed Combat | 1 |  1.0
Evocations     | 1 |  1.0
Dodging        | |  4.6
Stealth        | |  4.2
Conjurations   | |  0.7
Hexes          | |  0.7
Summonings     | |  7.1
Necromancy     | |  0.7
Translocations | |  0.7
Transmutations | |  0.7
Fire Magic     | |  0.7
Ice Magic      | |  0.7
Air Magic      | |  0.7
Earth Magic    | |  0.7
Poison Magic   | |  0.7

Action                     || total
---------------------------++-------
  Melee: Dagger            ||    31
         Bite              ||     6
         Punch             ||     1
   Cast: Summon Small Mamm ||     8
         Call Imp          ||     4
         Frozen Ramparts   ||     1
   Stab: Sleeping          ||     1
 Armour: Robe              ||    12
  Dodge: Dodged            ||    19
